Map: Lerilak Crest

Players

wabbajack

  • Race: Zerg Zerg
  • League: Gold

gameman - Winner!

  • Race: Zerg Zerg
  • League: Bronze

VOD

Have the link to the VOD?

Description

Time

  • Played on: July 19, 2015, 12:54 p.m.
  • Length: 4:18
Show
View Real Time Build Order
Export as new Build Order

wabbajack Zerg 

Build Orders: Hatch First 

Get SALT Encoding   

  12  0:01  Drone  
  13  0:13  Overlord  
  13  0:18  Drone  
  14  0:23  Extractor  
  14  0:25  Drone  
  15  0:32  Drone  
  16  0:35  Drone  
  17  0:57  Hatchery  
  17  1:03  Drone x2  
  18  1:09  Extractor  
  17  1:18  Spawning Pool  
  16  1:19  Drone  
  16  1:22  Drone  
  18  1:29  Drone  
  19  1:40  Overlord  
  19  1:53  Drone  
  20  2:14  Zergling x4  
  20  2:15  Zergling x2  
  23  2:16  Queen  
  24  2:43  Zergling x8  
  27  2:47  Metabolic Boost  
  27  2:49  Queen  
  30  2:51  Zergling x4  
  31  3:10  Zergling x2  
  31  3:11  Zergling x6  
  33  3:17  Spine Crawler  
  32  3:23  Zergling x4  
  29  3:27  Zergling x10  
  26  3:49  Zergling x2  
  26  3:50  Zergling x2  
Show
View Real Time Build Order
Export as new Build Order

gameman Zerg - Winner!

Build Orders: Pool First 

Get SALT Encoding   

  12  0:02  Drone  
  13  0:10  Drone  
  13  0:13  Extractor  
  13  0:23  Drone  
  14  0:34  Spawning Pool  
  13  0:38  Drone  
  14  0:48  Overlord  
  14  0:53  Extractor  
  14  0:56  Drone  
  15  1:22  Metabolic Boost  
  15  1:24  Queen  
  17  1:27  Zergling x4  
  17  1:29  Zergling x2  
  20  1:39  Zergling x2  
  21  1:49  Overlord  
  21  2:01  Zergling x2  
  22  2:16  Hatchery  
  21  2:23  Zergling x2  
  21  2:24  Zergling x2  
  22  2:42  Zergling x2  
  22  2:43  Zergling x8  
  27  2:56  Zergling x2  
  26  3:15  Zergling x2  
  27  3:25  Baneling Nest  
  25  3:30  Zergling x2  
  25  3:31  Zergling x10  
  31  3:45  Zergling x2  
  30  3:54  Zergling x12  
  36  3:57  Overlord  
Tags
 
Add a new tag
Caveats
  • Supply blocks, unpowered buildings, or Contaminate may cause inaccurate times.
  • Supply counts are checked every 10 seconds.